 Dungeon Crawl Stone Soup version 0.32-a0-656-g3542139ebd (webtiles) character file.

Game seed: 292996984303575395

853 Aldia the Apothecary (level 8, -2/52 HPs)
             Began as an Octopode Alchemist on Mar 8, 2024.
             Slain by a sky beast (5 damage)
             ... on level 6 of the Dungeon.
             The game lasted 00:15:13 (5344 turns).

Aldia the Apothecary (Octopode Alchemist)           Turns: 5344, Time: 00:15:13

Health: -2/52      AC:  1    Str:  7    XL:     8   Next: 1%
Magic:  3/14       EV: 13    Int: 20    God:
Gold:   289        SH:  0    Dex: 12    Spells: 2/15 levels left

rFire   . . .        m - +3 dagger (venom)
rCold   . . .        (no shield)
rNeg    . . .        (helmet restricted)
rPois   .            (no amulet)
rElec   .            q - ring of wizardry
rCorr   .            t - ring of flight
SInv    .            u - ring of willpower
Will    +....        (no ring)
Stlth   +++          (no ring)
HPRegen 0.28/turn    (no ring)
MPRegen 0.14/turn    (no ring)
                     (no ring)

%: wizardry (x1)
@: flying
A: almost no armour, amphibious, 8 rings, camouflage 1, gelatinous body 1,
(nimble swimmer 1), tentacles
a: no special abilities


You were on level 6 of the Dungeon.
You visited 1 branch of the dungeon, and saw 6 of its levels.

You collected 289 gold pieces.

Inventory:

Hand Weapons
 f - a +0 sling
 m - a +3 dagger of venom (weapon)
 w - a +0 long sword of freezing
Jewellery
 o - a ring of ice
 q - a ring of wizardry (left tentacle)
 t - a ring of flight (right tentacle)
 u - a ring of willpower (on tentacle)
Wands
 l - a wand of flame (1)
 x - a wand of mindburst (10)
 y - a wand of polymorph (11)
Scrolls
 b - 5 scrolls of teleportation
 c - a scroll of noise {unknown}
 d - a scroll of amnesia {unknown}
 i - a scroll of enchant armour
 n - a scroll of enchant weapon
 p - a scroll of revelation
 r - a scroll of fear {unknown}
Potions
 a - a potion of magic
 e - a potion of enlightenment
 g - a potion of berserk rage
 h - 3 potions of curing
 j - a potion of heal wounds
 k - a potion of brilliance {unknown}
 s - a potion of lignification {unknown}
 v - a potion of invisibility {unknown}


   Skills:
 - Level 3.0 Fighting
 + Level 2.6 Dodging
 - Level 3.0 Stealth
 + Level 4.0 Spellcasting
 - Level 3.0 Conjurations
 - Level 2.3 Air Magic
 + Level 1.2 Earth Magic
 * Level 6.4 Alchemy


You had 2 spell levels left.
You knew the following spells:

 Your Spells              Type           Power      Damage    Failure   Level
a - Sting                 Conj/Alch      92%        1d8       1%          1
b - Mercury Vapours       Alch/Air       42%        N/A       1%          2
c - Mephitic Cloud        Conj/Alch/Air  19%        N/A       3%          3
d - Olgreb's Toxic Radia  Alch           29%        N/A       3%          4
e - Stone Arrow           Conj/Erth      24%        3d8       6%          3

Your spell library contained the following spells:

 Spells                   Type           Power      Damage    Failure   Level
 Magic Dart               Conj           64%        1d6       1%          1
 Searing Ray              Conj           32%        2d5       2%          2
 Apportation              Tloc           8%         N/A       5%          1
 Necrotise                Necr           16%        1d4       5%          1
 Summon Small Mammal      Summ           16%        N/A       5%          1
 Fulminant Prism          Conj/Alch      11%        3d9       8%          4
 Sticky Flame             Fire/Alch      17%        2d5       13%         4
 Lehudib's Crystal Spear  Conj/Erth      6%         10d3      100%        8
 Animate Armour           Summ/Erth      Unusable   N/A       N/A         4

Dungeon Overview and Level Annotations

Branches:
Dungeon (6/15)
 Temple: D:4-7

Altars:
Kikubaaqudgha
Makhleb
Vehumet

Shops:
D:5 *

Annotations:
D:4 3 runed translucent doors, Dynojp's ghost, novice FoFi


Innate Abilities, Weirdness & Mutations

You cannot wear most types of armour.
You are amphibious.
You can wear up to eight rings at the same time.
Your skin changes colour to match your surroundings (Stealth+).
Your rubbery body absorbs attacks. (AC +1, EV +1)
((You are camouflaged when in or above water. (Stealth+)))
You have tentacles for arms and can constrict up to eight enemies at once.


Message History

You kill the adder!
You closely miss the sky beast. The sky beast hits you.
The sky beast shocks you.
You barely miss the sky beast. Your squeeze misses the sky beast.
The sky beast misses you.
You barely miss the sky beast. Your squeeze misses the sky beast.
The sky beast hits you. The sky beast shocks you.
You hit the sky beast but do no damage.
The sky beast is poisoned.
You squeeze the sky beast, but do no damage.
The sky beast hits you. The sky beast shocks you.
You are too injured to fight recklessly!
You are too injured to fight recklessly!
You are too injured to fight recklessly!
You puncture the sky beast!
The sky beast looks as sick as possible!
You squeeze the sky beast, but do no damage.
The sky beast is moderately wounded.
The sky beast hits you. The sky beast shocks you.
* * * LOW HITPOINT WARNING * * *
You hit the sky beast.
The sky beast looks as sick as possible!
Your squeeze misses the sky beast.
The sky beast is severely wounded.
The sky beast hits you.
* * * LOW HITPOINT WARNING * * *
The sky beast shocks you.
* * * LOW HITPOINT WARNING * * *
Unknown command.
Casting: Stone Arrow (dangerous; 6% risk of failure)
Confirm with . or Enter, or press ? or * to list all spells.
Aiming: Sting (safe; 1% risk of failure)
Press: ? - help, Shift-Dir - straight line, f - sky beast
Aim: a sky beast (severely wounded, extremely poisoned, 67% to hit)
The sting hits the sky beast.
The sky beast looks as sick as possible!
The sky beast is severely wounded.
The sky beast hits you.
* * * LOW HITPOINT WARNING * * *
The sky beast shocks you.
You die...

.........<.#
.......###.#...#.#..#
.........#.#...#.#..####
...............#.#.<....
.........#.#...#.....##.
...............####..#
............>........#
........†.........#..#
......Y@..........#..#
..................#..#
.............#.####..#
........?.............
######..#.#............
......#..#......#.#
#.........###.####
#.........# .#
#.......... ..


You could see a sky beast (extremely poisoned).

Vanquished Creatures
  Sigmund (D:3)
  Eustachio (D:5)
  An ice beast (D:6)
  A phantom (D:5)
  A crimson imp (D:5)
  2 bombardier beetles
  A hound (D:5)
  A jelly (D:5)
  4 gnolls (D:4)
  7 adders
  A white imp (D:5)
  4 ufetubi
  2 dart slugs
  3 ribbon worms
  2 orcs (D:4)
  8 bats
  6 endoplasms
  4 giant cockroaches
  4 goblins
  10 hobgoblins
  4 jackals (D:3)
  13 quokkas
  5 ball pythons
  A frilled lizard (D:1)
  5 kobolds
  9 rats
101 creatures vanquished.

Notes
Turn   | Place    | Note
-------+----------+-------------------------------------------
     0 | D:1      | Aldia the Octopode Alchemist began the quest for the Orb.
     0 | D:1      | Reached XP level 1. HP: 11/11 MP: 3/3
   240 | D:1      | Reached XP level 2. HP: 17/17 MP: 5/5
   248 | D:1      | Learned a level 2 spell: Mercury Vapours
   664 | D:1      | Reached XP level 3. HP: 20/22 MP: 6/6
   668 | D:1      | Learned a level 3 spell: Mephitic Cloud
   994 | D:1      | Reached skill level 4 in Alchemy
  1243 | D:2      | Reached skill level 1 in Air Magic
  1334 | D:2      | Reached skill level 1 in Fighting
  1338 | D:2      | Reached XP level 4. HP: 25/28 MP: 2/7
  2093 | D:3      | Noticed Sigmund
  2100 | D:3      | Killed Sigmund
  2101 | D:3      | Reached XP level 5. HP: 34/34 MP: 1/9
  2101 | D:3      | Reached XP level 6. HP: 39/39 MP: 1/10
  2106 | D:3      | Learned a level 4 spell: Olgreb's Toxic Radiance
  2199 | D:3      | Found an ancient bone altar of Kikubaaqudgha.
  3000 | D:4      | Found a runed translucent gate.
  3005 | D:4      | Found a runed translucent gate.
  3005 | D:4      | Found a runed translucent gate.
  3005 | D:4      | Noticed Dynojp's ghost (novice FoFi)
  3130 | D:4      | Reached skill level 5 in Alchemy
  3700 | D:5      | Entered Level 5 of the Dungeon
  3739 | D:5      | Found Reutzi's Lightly-Used Armoury.
  3794 | D:5      | Found a burning altar of Makhleb.
  3795 | D:5      | Found a radiant altar of Vehumet.
  3799 | D:5      | Reached XP level 7. HP: 45/45 MP: 12/12
  4115 | D:5      | Noticed Eustachio
  4127 | D:5      | Killed Eustachio
  4718 | D:5      | Learned a level 3 spell: Stone Arrow
  4823 | D:5      | Reached skill level 6 in Alchemy
  5336 | D:6      | Reached skill level 1 in Earth Magic
  5336 | D:6      | Reached XP level 8. HP: 46/52 MP: 3/14
  5344 | D:6      | Slain by a sky beast

Illustrated notes

Levels and vault maps discovered:
D:1:      dpeg_arrival_three_same_balls, layout_rooms, serial_forest,
          infiniplex_forest_lined_room_2, infiniplex_forest_corner_1,
          infiniplex_forest_end_3, infiniplex_forest_zigzag_1,
          infiniplex_forest_zigzag_2, infiniplex_forest_end_3,
          infiniplex_forest_clump_large, minmay_circled_x
D:2:      layout_rooms, kennysheep_generic_room_15
D:3:      layout_basic, nicolae_kikubaaqudgha_miasma_corner, uniq_sigmund
D:4:      layout_loops_ring, ebering_ghost_rock_garden
D:5:      layout_basic, grunt_temple_overflow_lords_of_destruction,
          minmay_shop_damaged, uniq_eustachio
D:6:      layout_basic, minmay_divided_ellipse, uniq_duvessa

Skill      XL: |  1  2  3  4  5  6  7 |
---------------+----------------------+-----
Stealth        | 3 |  3.0
Alchemy        | 4 5 6 |  6.4
Air Magic      | 1 2 |  2.3
Fighting       | 1 2 3 |  3.0
Spellcasting   | 3 4 |  4.0
Conjurations   | 2 3 |  3.0
Earth Magic    | 1 |  1.2
Dodging        | |  2.6

Action                     |  1- 3 |  4- 6 |  7- 9 || total
---------------------------+-------+-------+-------++-------
  Melee: Unarmed           |     9 |       |       ||     9
         Constrict         |    10 |    19 |     4 ||    33
         Tentacles         |     7 |    14 |    12 ||    33
         Dagger            |    18 |    56 |    31 ||   105
         Mace              |     3 |       |       ||     3
   Fire: Sling             |    13 |       |       ||    13
   Cast: Sting             |    39 |    37 |    17 ||    93
         Mercury Vapours   |       |     1 |     1 ||     2
         Mephitic Cloud    |       |     2 |       ||     2
         Stone Arrow       |       |       |     6 ||     6
         Olgreb's Toxic Ra |       |       |     1 ||     1
    Use: Scroll            |     1 |     5 |     3 ||     9
   Stab: Sleeping          |     6 |    20 |     1 ||    27
         Distracted        |     1 |       |       ||     1
 Armour: Skin              |    21 |    18 |    36 ||    75
  Dodge: Dodged            |    36 |    26 |    28 ||    90

Table legend: (Time is in decaauts)
 A = Elapsed time spent in this place.
 B = Non-inter-level travel time spent in this place.
 C = Inter-level travel time spent in this place.
 D = Time resting spent in this place.
 E = Time spent auto-exploring this place.
 F = Levels seen in this place.
 G = Mean time per level.
                   A        B        C        D        E       F      G
               +--------+--------+--------+--------+--------+-----+--------+
         Total |   5345 |   5010 |    335 |    115 |   3925 |   6 |  890.8 |
       Dungeon |   5345 |   5010 |    335 |    115 |   3925 |   6 |  890.8 |
               +--------+--------+--------+--------+--------+-----+--------+

Top non-repeatable levels by time:
     D:5: 1591 daAuts
     D:1: 1177 daAuts
     D:3: 1129 daAuts
     D:4: 778 daAuts
     D:2: 617 daAuts
     D:6: 51 daAuts
